 Dungeon Crawl Stone Soup version 0.20-a0-1040-gfd09691 (webtiles) character file.

211 Rrauwl the Chopper (level 5, -1/32 HPs)
             Began as a Tengu Berserker on Apr 23, 2017.
             Was a Priest of Trog.
             Slain by a white imp (4 damage)
             ... summoned by Natasha
             ... on level 3 of the Dungeon.
             The game lasted 00:06:23 (1705 turns).

Rrauwl the Chopper (Tengu Berserker)                Turns: 1705, Time: 00:06:24

Health: -1/32      AC:  8    Str: 18    XL:     5   Next: 88%
Magic:  15/15      EV:  5    Int:  8    God:    Trog [***...]
Gold:   110        SH:  8    Dex: 13    Spells: 4/4 levels left

rFire    . . .     SeeInvis .   e - +1 hand axe
rCold    . . .     Gourm    .   w - +1 shield
rNeg     . . .     Faith    .   t - +0 chain mail
rPois    .         Spirit   .   (helmet restricted)
rElec    .         Reflect  .   (no cloak)
rCorr    .         Harm     .   (no gloves)
MR       .....                  (boots unavailable)
Stlth    ..........             (no amulet)
Regen    0.1/turn               r - ring of stealth
MPRegen  0.2/turn               b - ring of magical power

@: slowed, very slow
A: beak, talons 3, able to fly 1
a: Fly, Berserk, Trog's Hand, Burn Spellbooks, Renounce Religion


You were on level 3 of the Dungeon.
You worshipped Trog.
Trog was most pleased with you.
You were not hungry.

You visited 1 branch of the dungeon, and saw 3 of its levels.

You collected 110 gold pieces.

Inventory:

Hand Weapons
 e - a +1 hand axe (weapon)
Missiles
 d - 173 stones (quivered)
 l - 4 bolts
Armour
 t - a +0 chain mail (worn)
 w - a +1 shield (worn)
Jewellery
 b - a ring of magical power (right hand)
 r - a ring of stealth (left hand)
Wands
 f - a wand of iceblast (7/15)
 j - a wand of random effects (19/48)
Scrolls
 g - a scroll of recharging
 o - 2 scrolls of remove curse
Potions
 k - a potion of brilliance
 q - a potion of berserk rage
Comestibles
 c - a bread ration
 h - 16 chunks of flesh
 i - 3 royal jellies
 s - 2 meat rations


   Skills:
 - Level 3.0 Fighting
 + Level 7.0 Axes
 - Level 2.1 Armour
 - Level 2.1 Dodging


You had 4 spell levels left.
You didn't know any spells.

Dungeon Overview and Level Annotations

Branches:
Dungeon (3/15)

Altars:

Annotations:
D:3 Natasha


Innate Abilities, Weirdness & Mutations

You have a beak for a mouth.
You have claws for feet.
You can fly.


Message History

You hit the white imp.
Natasha howls an incantation.
You feel troubled. You block Natasha's attack. The white imp barely misses you.
You block Natasha's attack.
You closely miss Natasha. Your kick misses Natasha. Your peck misses Natasha.
Natasha is almost dead.
You closely miss the white imp. You block the white imp's attack.
Natasha casts a spell at you. The magic dart hits you!
The white imp hits you but does no damage.
Natasha claws you!
* * * LOW HITPOINT WARNING * * *
Your chain mail prevents you from hitting Natasha.
Your kick misses Natasha.
Natasha is almost dead.
You hit the white imp but do no damage. The white imp hits you.
* * * LOW HITPOINT WARNING * * *
The white imp freezes you.
You die...

#.. #)##..##...o.o #...
#.(..()....# .....
###()###.#....#
........####...##.# ##.#
...........(.#..#.##....
...######...............
.....######...#.........
..............#5h.......
....##..........@(......
....##.#.<...........)..
...)##<........)(..#####
..)).........(.()..###
.....##.........)....#
....#..............#.#
>.....###..)(....#.#...
#...### #####.####.....#
#......# #.# .....#


You could see Natasha and a white imp.

Vanquished Creatures
  An orc priest (D:3)
  Jessica (D:3)
  Natasha (twice) (D:3)
  A gnoll (D:2)
  3 adders
  A dart slug (D:2)
  2 leopard geckos (D:2)
  5 orcs (D:3)
  4 giant cockroaches (D:2)
  11 goblins
  4 hobgoblins
  11 kobolds
  A quokka (D:3)
  A ball python (D:2)
  8 bats
  2 frilled lizards
  6 rats
64 creatures vanquished.

Notes
Turn   | Place    | Note
-------+----------+-------------------------------------------
     0 | D:1      | Rrauwl the Tengu Berserker began the quest for the Orb.
     0 | D:1      | Reached XP level 1. HP: 14/14 MP: 2/2
   407 | D:1      | Reached XP level 2. HP: 14/19 MP: 3/3
   433 | D:1      | Reached skill level 4 in Axes
  1006 | D:2      | Reached XP level 3. HP: 17/23 MP: 4/4
  1016 | D:2      | Reached ** piety under Trog
  1020 | D:2      | Reached skill level 5 in Axes
  1168 | D:2      | Reached XP level 4. HP: 22/28 MP: 5/5
  1601 | D:3      | Noticed Jessica
  1610 | D:3      | Killed Jessica
  1610 | D:3      | Reached skill level 6 in Axes
  1610 | D:3      | Gained mutation: You can fly. [Tengu growth]
  1610 | D:3      | Reached XP level 5. HP: 31/32 MP: 6/6
  1645 | D:3      | Noticed Natasha
  1648 | D:3      | Reached *** piety under Trog
  1659 | D:3      | Killed Natasha
  1677 | D:3      | Noticed Natasha
  1681 | D:3      | Killed Natasha
  1681 | D:3      | Reached skill level 7 in Axes
  1696 | D:3      | Noticed Natasha
  1705 | D:3      | Slain by a white imp

Vault maps used:
D:1:      minmay_arrival_shattered_statue
D:2:      minmay_joined_circles
D:3:      uniq_jessica, uniq_natasha

Skill      XL: |  1  2  3  4  5 |
---------------+----------------+-----
Axes           | 4 5 6 7 |  7.0
Fighting       | |  3.0
Armour         | |  2.1
Dodging        | |  2.1

Action                   |  1- 3 |  4- 6 || total
-------------------------+-------+-------++-------
Melee: Hand axe          |    84 |    71 ||   155
       Peck              |    12 |     9 ||    21
       Kick              |    14 |    17 ||    31
Invok: Berserk           |     1 |     1 ||     2
       Burn Spellbooks   |     1 |       ||     1
Evoke: Wand              |       |     1 ||     1
  Use: Scroll            |     8 |     2 ||    10
       Potion            |     2 |     4 ||     6
  Eat: Chunk             |     2 |     3 ||     5
Armor: Chain mail        |    42 |    40 ||    82
       Animal skin       |     3 |       ||     3
Dodge: Dodged            |    37 |    19 ||    56
Block: Shield            |    21 |    33 ||    54
